 Dungeon Crawl Stone Soup version 0.31-a0-841-g038b102fc3 (webtiles) character file.

Game seed: 13464553766617662944

683 Anon1729 the Chopper (level 7, -9/62 HPs)
             Began as a Minotaur Monk on Sept 27, 2023.
             Was a Believer of Okawaru.
             Mangled by an orc warrior
             ... wielding a +0 dire flail
              (12 damage)
             ... on level 4 of the Dungeon.
             The game lasted 00:02:49 (2965 turns).

Anon1729 the Chopper (Minotaur Monk)                Turns: 2965, Time: 00:02:50

Health: -9/62      AC:  3    Str: 17    XL:     7   Next: 35%
Magic:  8/8        EV: 14    Int:  7    God:    Okawaru [**....]
Gold:   223        SH:  0    Dex: 13    Spells: 6/6 levels left

rFire   . . .        s - +0 war axe
rCold   . . .        d - orb {light}
rNeg    . . .        b - +0 robe
rPois   .            (helmet restricted)
rElec   .            (no cloak)
rCorr   .            (no gloves)
SInv    .            j - +0 pair of boots
Will    .....        (no amulet)
Stlth   +            (no ring)
HPRegen 0.30/turn    (no ring)
MPRegen 0.11/turn

%: no passive effects
@: glowing
A: horns 2, retaliatory headbutt
a: Renounce Religion, Heroism


You were on level 4 of the Dungeon.
You worshipped Okawaru.
Okawaru was pleased with you.
You visited 2 branches of the dungeon, and saw 5 of its levels.

You collected 267 gold pieces.
You spent 44 gold pieces at shops.

Inventory:

Hand Weapons
 a - a +0 hand axe
 s - a +0 war axe (weapon)
Missiles
 p - 4 datura-tipped darts
 q - 2 atropa-tipped darts
Armour
 b - a +0 robe (worn)
 d - an orb of light (worn)
 j - a +0 pair of boots (worn)
Wands
 r - a wand of flame (28)
Scrolls
 e - 2 scrolls of teleportation {unknown}
 f - 2 scrolls of vulnerability {unknown}
 g - 2 scrolls of enchant armour {unknown}
 h - a scroll of brand weapon {unknown}
 k - 2 scrolls of amnesia {unknown}
 l - 6 scrolls of identify {unknown}
 m - a scroll of acquirement {unknown}
 n - a scroll of immolation {unknown}
 o - a scroll of enchant weapon {unknown}
 w - a scroll of poison {unknown}
Potions
 c - a potion of ambrosia
 i - a potion of berserk rage {unknown}
 t - 2 potions of mutation {unknown}
 u - a potion of heal wounds {unknown}
 v - 2 potions of curing
 x - 2 potions of might {unknown}


   Skills:
 + Level 5.8 Fighting
 + Level 5.8 Axes
 + Level 3.6 Armour
 + Level 5.2 Dodging
 + Level 3.0 Invocations


You had 6 spell levels left.
You didn't know any spells.
Your spell library contained the following spells:

 Spells                   Type           Power      Damage    Failure   Level
 Lesser Beckoning         Tloc           0%         N/A       56%         2
 Dazzling Flash           Conj/Hex       0%         N/A       80%         3
 Gell's Gravitas          Tloc           0%         N/A       80%         3
 Teleport Other           Tloc           0%         N/A       80%         3
 Passage of Golubria      Tloc           0%         N/A       99%         4
 Agony                    Necr           0%         N/A       100%        5
 Silence                  Hex/Air        0%         N/A       100%        5
 Yara's Violent Unravell  Hex/Tmut       0%         3d3       100%        5
 Tukima's Dance           Hex            Unusable   N/A       N/A         3

Dungeon Overview and Level Annotations

Branches:
Dungeon (4/15)             Temple (1/1) D:4

Altars:
Dithmenos
Gozag
Hepliaklqana
Makhleb
Okawaru
Qazlal
Ru
Sif Muna
Trog
Uskayaw
Vehumet
Wu Jian
Xom
Yredelemnul
Zin
The Shining One

Shops:
D:3 ??!


Innate Abilities, Weirdness & Mutations

You have a pair of horns on your head.
You reflexively headbutt those who attack you in melee.


Message History

The orc warrior hits you with a +0 dire flail!
You closely miss the orc warrior. You headbutt the orc warrior.
The orc warrior is moderately wounded.
The orc warrior closely misses you.
You hit the orc warrior but do no damage.
You headbutt the orc warrior.
The orc warrior is heavily wounded.
The orc warrior hits you with a +0 dire flail!
You are too injured to fight recklessly!
You are too injured to fight recklessly!
You are too injured to fight recklessly!
You are too injured to fight recklessly!
You are too injured to fight recklessly!
You are too injured to fight recklessly!
You are too injured to fight recklessly!
You are too injured to fight recklessly!
You are too injured to fight recklessly!
You are too injured to fight recklessly!
You are too injured to fight recklessly!
You are too injured to fight recklessly!
You are too injured to fight recklessly!
You are too injured to fight recklessly!
You are too injured to fight recklessly!
You hit the orc warrior.
The orc warrior is severely wounded.
The orc warrior misses you.
The orc warrior hits you with a +0 dire flail!
* * * LOW HITPOINT WARNING * * *
You hit the orc warrior. Your headbutt misses the orc warrior.
The orc warrior is almost dead.
The orc warrior barely misses you.
You hit the orc warrior but do no damage.
The orc warrior is almost dead.
The orc warrior hits you with a +0 dire flail!
* * * LOW HITPOINT WARNING * * *
You hit the orc warrior but do no damage.
You headbutt the orc warrior, but do no damage.
The orc warrior is almost dead.
The orc warrior hits you with a +0 dire flail!
You die...

..# #.# #.# # #.# #
#..#.#####.# ##
...........# ##.
#########.##.####..
#)#.#)#.#.##....#.#
#@#.#.#..##.##....
#o#.#.#.###.#####.
#g#.#.#.# #.# ##
........# ..# #
####..... ### #
###### # # # #


You could see an orc warrior and a goblin.

Vanquished Creatures
  Sigmund (D:4)
  A kobold brigand (D:4)
  A scorpion (D:4)
  A hound (D:4)
  Ijyb (D:4)
  A sleepcap (Temple)
  Natasha (thrice) (D:2)
  8 gnolls
  5 adders
  2 ufetubi (D:4)
  2 worms (D:2)
  A dart slug (D:1)
  12 orcs
  5 bats
  7 endoplasms
  5 giant cockroaches
  5 goblins
  4 hobgoblins
  5 jackals (D:1)
  8 kobolds
  2 quokkas (D:2)
  10 ball pythons
  4 frilled lizards
  5 rats
99 creatures vanquished.

Notes
Turn   | Place    | Note
-------+----------+-------------------------------------------
     0 | D:1      | Anon1729 the Minotaur Monk began the quest for the Orb.
     0 | D:1      | Reached XP level 1. HP: 19/19 MP: 0/0
   112 | D:1      | Reached XP level 2. HP: 27/27 MP: 1/1
   524 | D:1      | Reached XP level 3. HP: 32/33 MP: 2/2
   810 | D:2      | Found a glowing golden altar of the Shining One.
  1072 | D:2      | Reached XP level 4. HP: 40/41 MP: 3/3
  1271 | D:2      | Noticed Natasha
  1274 | D:2      | Killed Natasha
  1275 | D:2      | Reached skill level 1 in Armour
  1275 | D:2      | Reached skill level 1 in Invocations
  1291 | D:2      | Noticed Natasha
  1296 | D:2      | Killed Natasha
  1549 | D:2      | Noticed Natasha
  1554 | D:2      | Killed Natasha
  1555 | D:2      | Reached XP level 5. HP: 25/47 MP: 3/5
  1700 | D:3      | Found Abeor's Magic Scroll Boutique.
  1742 | D:3      | Found an iron altar of Okawaru.
  1808 | D:3      | Found an ornate altar of the Wu Jian Council.
  1928 | D:3      | Became a worshipper of Warmaster Okawaru
  1928 | D:3      | Reached * piety under Okawaru
  1928 | D:3      | Reached ** piety under Okawaru
  1972 | D:3      | Found Lucutidgh's Magic Scroll Boutique.
  1997 | D:3      | Found Silax's General Store.
  2012 | D:3      | Found Vafusenudi's Distillery.
  2015 | D:3      | Bought a potion of degeneration for 11 gold pieces
  2015 | D:3      | Bought a potion of curing for 33 gold pieces
  2259 | D:3      | Reached skill level 5 in Axes
  2389 | D:4      | Reached skill level 5 in Fighting
  2496 | D:4      | Found a staircase to the Ecumenical Temple.
  2502 | D:4      | Reached XP level 6. HP: 56/56 MP: 6/6
  2527 | D:4      | Noticed Ijyb
  2540 | D:4      | Killed Ijyb
  2540 | D:4      | Noticed Sigmund
  2554 | Temple   | Entered the Ecumenical Temple
  2769 | D:4      | Killed Sigmund
  2770 | D:4      | Reached skill level 5 in Dodging
  2770 | D:4      | Reached XP level 7. HP: 53/61 MP: 6/8
  2964 | D:4      | HP: 3/62 [orc warrior/+0 dire flail (16)]
  2965 | D:4      | Mangled by an orc warrior

Illustrated notes

Levels and vault maps discovered:
D:1:      giann_forest_graveyard, layout_loops_ring
D:2:      layout_basic, basic_altar, minmay_misc_feat_rows, uniq_natasha
D:3:      kennysheep_big_flooded_room, layout_loops_ring, lemuel_crystal_altar,
          okawaru_ov_weapons_minmay, serial_shops,
          nicolae_shop_tiny_real_fake_doors, nicolae_shop_just_a_little_nook,
          shop, shop
D:4:      layout_loops_cross, nemelex_diamond_rough_becter,
          minmay_temple_entry_slanted, minmay_manual_maat, uniq_sigmund,
          uniq_ijyb
Temple:   nicolae_temple_ecumenical_triangle

Skill      XL: |  1  2  3  4  5  6  7 |
---------------+----------------------+-----
Fighting       | 4 5 |  5.8
Axes           | 4 5 |  5.8
Dodging        | 4 5 |  5.2
Armour         | 1 2 3 |  3.6
Invocations    | 1 2 3 |  3.0

Action                     |  1- 3 |  4- 6 |  7- 9 || total
---------------------------+-------+-------+-------++-------
  Melee: Hand axe          |    58 |    23 |       ||    81
         Headbutt          |    12 |    18 |     6 ||    36
         War axe           |       |    84 |    20 ||   104
    Use: Potion            |       |     1 |       ||     1
 Armour: Robe              |    30 |    58 |    14 ||   102
  Dodge: Dodged            |    36 |    82 |    12 ||   130

Table legend: (Time is in decaauts)
 A = Elapsed time spent in this place.
 B = Non-inter-level travel time spent in this place.
 C = Inter-level travel time spent in this place.
 D = Time resting spent in this place.
 E = Time spent auto-exploring this place.
 F = Levels seen in this place.
 G = Mean time per level.
                   A        B        C        D        E       F      G
               +--------+--------+--------+--------+--------+-----+--------+
         Total |   3007 |   2744 |    263 |    127 |   2121 |   5 |  601.4 |
       Dungeon |   2906 |   2643 |    263 |     42 |   2121 |   4 |  726.5 |
        Temple |    100 |    100 |      0 |     85 |      0 |   1 |  100.0 |
               +--------+--------+--------+--------+--------+-----+--------+

Top non-repeatable levels by time:
     D:2: 835 daAuts
     D:1: 813 daAuts
     D:3: 759 daAuts
     D:4: 497 daAuts
  Temple: 100 daAuts
